 Dungeon Crawl Stone Soup version 0.27.1-33-g824d729ab1 (webtiles) character file.

Game seed: 12653303458867973

1030 tanglemaster the Insei (level 8, -2/72 HPs)
             Began as an Octopode Transmuter on Dec 23, 2021.
             Was an Initiate of Cheibriados.
             Splashed by a jelly's acid (4 damage)
             ... on level 6 of the Dungeon.
             The game lasted 00:09:05 (7410 turns).

tanglemaster the Insei (Octopode Transmuter)        Turns: 7410, Time: 00:09:05

Health: -2/72      AC: 16    Str: 11      XL:     8   Next: 23%
Magic:  12/12      EV:  2    Int: 14 (17) God:    Cheibriados [......]
Gold:   271        SH:  0    Dex: 13 (14) Spells: 9/13 levels left

rFire    . . .     SeeInvis +   a - +2 whip (elec)
rCold    . . .     Faith    .   (no shield)
rNeg     + + +     Spirit   .   (helmet currently unavailable)
rPois    +         Reflect  .   (no amulet)
rElec    .         Harm     .   i - ring of see invisible
rCorr    .         Rampage  .   (no ring)
Will     .....     NoTele   +   (no ring)
Stlth    ++........             (no ring)
HPRegen  0.22/turn              (no ring)
MPRegen  0.13/turn              (no ring)
                                (no ring)
                                (no ring)

@: tree-form, corroded, very slow
A: stationary, stasis, torment immunity, boosted hp, almost no armour,
(amphibious), 8 rings, (camouflage 1), (gelatinous body 1), (nimble swimmer 1),
(tentacles)
a: Renounce Religion, Bend Time


You were on level 6 of the Dungeon.
You worshipped Cheibriados.
Cheibriados was noncommittal.
You were a tree.
You visited 1 branch of the dungeon, and saw 6 of its levels.

You collected 271 gold pieces.

Inventory:

Hand Weapons
 a - a +2 whip of electrocution (weapon)
 b - a +3 dagger of venom
Missiles
 d - 41 poisoned darts (quivered)
 h - a throwing net
Armour
 p - a +0 kite shield
Magical Staves
 c - a staff of poison
Jewellery
 i - a ring of see invisible (left branch)
Wands
 f - a wand of digging (2)
 j - a wand of iceblast (10)
 k - a wand of mindburst (14)
Scrolls
 g - 8 scrolls of identify
 m - 2 scrolls of enchant weapon
 n - a scroll of brand weapon
 o - 2 scrolls of magic mapping
Potions
 l - 2 potions of curing


   Skills:
 - Level 1.0 Fighting
 - Level 2.0 Maces & Flails
 + Level 4.9 Dodging
 + Level 2.6 Stealth
 - Level 6.2 Unarmed Combat
 - Level 3.0 Spellcasting
 - Level 2.0 Necromancy
 - Level 3.0 Transmutations
 - Level 2.0 Poison Magic
 + Level 2.1 Invocations


You had 9 spell levels left.
You knew the following spells:

 Your Spells              Type           Power      Damage    Failure   Level
a - Beastly Appendage     Tmut           20%        N/A       6%          1
c - Animate Skeleton      Necr           14%        N/A       10%         1
S - Wereblood             Tmut           10%        N/A       10%         2

Your spell library contained the following spells:

 Spells                   Type           Power      Damage    Failure   Level
 Pain                     Necr           28%        1d5       10%         1
 Magic Dart               Conj           8%         1d3       22%         1
 Spider Form              Tmut/Pois      4%         N/A       22%         3
 Vampiric Draining        Necr           3%         2d6       28%         3
 Call Imp                 Summ           2%         N/A       32%         2
 Ensorcelled Hibernation  Hex/Ice        4%         N/A       32%         2
 Mephitic Cloud           Conj/Pois/Air  3%         N/A       45%         3
 Ice Form                 Ice/Tmut       6%         N/A       75%         4
 Cause Fear               Hex            1%         N/A       91%         4
 Fireball                 Conj/Fire      1%         3d3       99%         5
 Shadow Creatures         Summ           N/A        N/A       100%        6
 Starburst                Conj/Fire      1%         6d3       100%        6
 Dragon Form              Tmut           5%         N/A       100%        7
 Ignition                 Fire           1%         3d3       100%        8
 Dragon's Call            Summ           1%         N/A       100%        9


Dungeon Overview and Level Annotations

Branches:
Dungeon (6/15)             Temple (0/1) D:5

Altars:
Cheibriados
Makhleb
Nemelex Xobeh
Zin

Shops:
D:3 [


Innate Abilities, Weirdness & Mutations

You are a tree.
Your roots penetrate the ground, keeping you stationary.
You cannot be teleported.
You are immune to unholy pain and torment.
Your maximum health is greatly increased.
You cannot wear most types of armour.
((You are amphibious.))
You can wear up to eight rings at the same time.
((Your skin changes colour to match your surroundings (Stealth+).))
((Your rubbery body absorbs attacks. (AC +1, EV +1)))
((You are camouflaged near water. (Stealth+)))
((You have tentacles for arms and can constrict up to eight enemies at once.))


Message History

You hit the jelly.
Your tentacles burn!
You tentacle-slap the jelly.
The jelly is moderately wounded.
The hound bites you. The jelly hits you.
You are splashed with acid!
The hound misses you. The hound bites you. The hound barely misses you.
Really quaff the potion of lignification?
You turn into a tree.
Your roots penetrate the ground.
The hound bites you but does no damage.
You hit the hound.
The hound is moderately wounded.
The hound bites you but does no damage. x2
You completely miss the hound.
The hound is moderately wounded.
The hound bites you.
You hit the hound but do no damage. Lightning courses through the hound!!
You kill the hound!
Cheibriados thoroughly appreciates the change of pace.
Your Invocations skill increases to level 2!
You hit the jelly.
Your branches burn!
The jelly is heavily wounded.
The jelly hits you but does no damage.
You hit the jelly but do no damage.
Your branches burn!
* * * LOW HITPOINT WARNING * * *
The jelly is heavily wounded.
The jelly hits you but does no damage.
You hit the jelly. The acid corrodes you!
Your branches burn!
* * * LOW HITPOINT WARNING * * *
The jelly is almost dead.
The jelly hits you.
* * * LOW HITPOINT WARNING * * *
You are splashed with acid!
* * * LOW HITPOINT WARNING * * *
You hit the jelly but do no damage. The acid corrodes you!
Your branches burn!
* * * LOW HITPOINT WARNING * * *
The jelly is almost dead.
The jelly hits you but does no damage.
Unknown command.
You hit the jelly but do no damage.
Your branches burn!
You die...

.... #..< ###
#...########.. #
#..........#.# ..
#..........#.# .##
#..........#.# ....
#..........#♣# ...#
#.....<....#J##....#
#<..........Y..Y...#
####.........#######
##.........J#
#..........#
#..........#
#..........#
#..........#


You could see a sky beast and a jelly.

Vanquished Creatures
  A water moccasin (D:4)
  An ogre (D:5)
  2 phantoms (D:4)
  A scorpion (D:4)
  A howler monkey (D:5)
  4 hounds
  An orc priest (D:3)
  2 jellies
  2 bullfrog skeletons (D:5)
  2 orc wizards
  13 adders
  6 gnolls (D:3)
  2 worms
  4 dart slugs
  7 orcs
  11 ball pythons
  9 bats
  3 endoplasms
  5 giant cockroaches
  9 goblins
  8 hobgoblins
  6 jackals
  2 quokkas (D:4)
  5 frilled lizards
  7 kobolds
  5 rats
  A spectral goblin (D:1)
120 creatures vanquished.

Vanquished Creatures (collateral kills)
  A ball python (D:2)
1 creature vanquished.

Grand Total: 121 creatures vanquished

Notes
Turn   | Place    | Note
-------+----------+-------------------------------------------
     0 | D:1      | tanglemaster the Octopode Transmuter began the quest for
                  | the Orb.
     0 | D:1      | Reached XP level 1. HP: 13/13 MP: 3/3
    98 | D:1      | Reached XP level 2. HP: 16/18 MP: 5/5
   463 | D:1      | Reached skill level 4 in Unarmed Combat
   474 | D:1      | Reached XP level 3. HP: 7/23 MP: 6/6
   694 | D:1      | Learned a level 1 spell: Animate Skeleton
  1101 | D:1      | Found a faded altar of an unknown god.
  1669 | D:1      | Learned a level 2 spell: Wereblood
  2148 | D:2      | Reached XP level 4. HP: 18/28 MP: 5/7
  2352 | D:2      | Reached skill level 5 in Unarmed Combat
  3122 | D:2      | Reached XP level 5. HP: 10/33 MP: 6/8
  3489 | D:3      | Reached skill level 6 in Unarmed Combat
  3773 | D:3      | Reached XP level 6. HP: 21/38 MP: 9/9
  4260 | D:3      | Reached skill level 1 in Poison Magic
  4319 | D:3      | Found Baranock's Antique Armour Boutique.
  4805 | D:4      | Reached skill level 1 in Necromancy
  5161 | D:4      | Noticed a water moccasin
  5171 | D:4      | Killed a water moccasin
  5172 | D:4      | Reached XP level 7. HP: 20/43 MP: 9/11
  5698 | D:4      | Found a snail-covered altar of Cheibriados.
  5723 | D:4      | Found a sparkling altar of Nemelex Xobeh.
  5797 | D:4      | Became a worshipper of Cheibriados the Contemplative
  6013 | D:5      | Entered Level 5 of the Dungeon
  6026 | D:5      | Reached skill level 1 in Stealth
  6077 | D:5      | Found a burning altar of Makhleb.
  6082 | D:5      | Found a glowing silver altar of Zin.
  6082 | D:5      | Noticed an angel
  6083 | D:5      | Noticed an Executioner
  6311 | D:5      | Reached skill level 1 in Maces & Flails
  6311 | D:5      | Reached skill level 1 in Invocations
  6383 | D:5      | Reached XP level 8. HP: 38/48 MP: 12/12
  6492 | D:5      | Found a staircase to the Ecumenical Temple.
  7408 | D:6      | HP: 3/72 [acid (11)]
  7409 | D:6      | HP: 1/72 [acid (2)]
  7410 | D:6      | Splashed by a jelly's acid

Illustrated notes

Levels and vault maps discovered:
D:1:      dpeg_arrival_connections, layout_loops_cross,
          dreamdust_ecumenical_altar_drowned_temple, minmay_lizard_pond
D:2:      layout_basic, minmay_close_crescents
D:3:      layout_loops_ring, serial_shops, nicolae_shop_crystal, serial_rivers,
          chequers_serial_rivers_small_a, chequers_serial_rivers_small_3,
          chequers_serial_rivers_small_3, chequers_serial_rivers_micro_b
D:4:      layout_basic, mainiacjoe_overflow_catch_the_wave,
          cheibrodos_sewer_entry_drain
D:5:      layout_basic, grunt_temple_overflow_order_and_chaos_2,
          minmay_temple_entry_mist, minmay_misc_feat_alley, kennysheep_boxes
D:6:      minmay_klotski, layout_basic, mainiacjoe_overflow_six_doors_small,
          serial_shops, nicolae_shop_window_shopping, uniq_pikel

Skill      XL: |  1  2  3  4  5  6  7  8 |
---------------+-------------------------+-----
Unarmed Combat | 4 5 6 |  6.2
Poison Magic   | 2 |  2.0
Necromancy     | 2 |  2.0
Transmutations | 3 |  3.0
Dodging        | 4 |  4.9
Spellcasting   | 3 |  3.0
Stealth        | 1 2 |  2.6
Maces & Flails | 1 2 |  2.0
Invocations    | 1 2 |  2.1
Fighting       | |  1.0

Action                   |  1- 3 |  4- 6 |  7- 9 || total
-------------------------+-------+-------+-------++-------
Melee: Unarmed           |   109 |    61 |       ||   170
       Constrict         |    24 |    26 |     9 ||    59
       Tentacles         |     6 |    17 |    10 ||    33
       Kick              |     4 |     5 |       ||     9
       Punch             |     1 |     5 |     3 ||     9
       Dagger            |       |    35 |     4 ||    39
       Whip              |       |    35 |    66 ||   101
Throw: Dart              |       |    24 |     9 ||    33
 Cast: Beastly Appendage |     5 |     3 |       ||     8
       Animate Skeleton  |     6 |     2 |       ||     8
       Wereblood         |       |     4 |       ||     4
Evoke: Wand              |       |     2 |       ||     2
  Use: Scroll            |     2 |     8 |     2 ||    12
       Potion            |       |     4 |     3 ||     7
 Stab: Sleeping          |    12 |     2 |     7 ||    21
       Distracted        |     1 |       |       ||     1
Armor: Skin              |    12 |    27 |    12 ||    51
Dodge: Dodged            |    92 |    94 |    37 ||   223
